 Dungeon Crawl Stone Soup version 0.31.0-9-g3a7656b989 (webtiles) character file.

Game seed: 7728205288712927127

406 qw the Skirmisher (level 6, 0/35 HPs)
             Began as a Deep Elf Hunter on Feb 2, 2024.
             Slain by a bullfrog (4 damage)
             ... on level 7 of the Dungeon.
             The game lasted 00:00:12 (3058 turns).

qw the Skirmisher (Deep Elf Hunter)                 Turns: 3058, Time: 00:00:12

Health: 0/35       AC:  8    Str: 10    XL:     6   Next: 56%
Magic:  8/8        EV: 11    Int: 14    God:
Gold:   104        SH:  5    Dex: 18    Spells: 5/5 levels left

rFire   . . .        a - +1 shortbow (heavy)
rCold   . . .        (shield currently unavailable)
rNeg    . . .        d - +0 ring mail
rPois   .            g - +2 helmet
rElec   .            (no cloak)
rCorr   +            (no gloves)
SInv    .            (no boots)
Will    .....        e - amulet of reflection
Stlth   +            h - ring of resist corrosion
HPRegen 0.25/turn    (no ring)
MPRegen 0.11/turn

%: reflection
@: no status effects
A: no striking features
a: no special abilities


You were on level 7 of the Dungeon.
You visited 1 branch of the dungeon, and saw 5 of its levels.

You collected 104 gold pieces.


   Skills:
 - Level 2.1 Fighting
 - Level 10.1 Ranged Weapons
 + Level 2.4 Dodging
 - Level 1.2 Stealth


You had 5 spell levels left.
You didn't know any spells.
Your spell library was empty.

Inventory:

Hand Weapons
 a - a +1 heavy shortbow (weapon)
Armour
 d - a +0 ring mail (worn)
 g - a +2 helmet (worn)
 i - a +0 pair of gloves
Jewellery
 b - a ring of resist corrosion
 e - an amulet of reflection (around neck)
 h - a ring of resist corrosion (left hand)
Scrolls
 c - a scroll of identify
 f - a scroll of brand weapon
Potions
 j - a potion of curing

Dungeon Overview and Level Annotations

Branches:
Dungeon (4/15)
 Temple: D:4-7

Altars:
Cheibriados
Elyvilon
Uskayaw


Message History

You shoot an arrow. The wyvern hisses angrily.
The arrow hits the wyvern!
The wyvern is severely wounded.
You shoot an arrow. The arrow closely misses the wyvern.
You shoot an arrow.
The arrow hits the wyvern but does no damage.
The wyvern is severely wounded.
The wyvern completely misses you.
You shoot an arrow. The arrow barely misses the wyvern.
The wyvern barely misses you. You block the wyvern's attack.
You shoot an arrow.
The arrow hits the wyvern but does no damage.
The wyvern is severely wounded.
The wyvern bites you! The wyvern bites you.
You shoot an arrow. The arrow closely misses the wyvern.
The wyvern bites you. You block the wyvern's attack. The wyvern bites you!
You shoot an arrow. The arrow hits the wyvern!
You kill the wyvern!
Your Ranged Weapons skill increases to level 10!
You start resting.
A bullfrog comes into view.
You shoot an arrow. The arrow closely misses the bullfrog.
The bullfrog gives a loud, deep croak!
An orc comes into view. It is wielding a +0 mace.
You shoot an arrow. The orc shouts!
The arrow hits the bullfrog.
The bullfrog is lightly wounded.
The orc throws a boomerang.
The boomerang hits you.
The orc throws a boomerang.
The boomerang closely misses you.
An orc comes into view. It is wielding a +0 mace.
You shoot an arrow. The arrow hits the bullfrog!
The bullfrog is almost dead.
You block the bullfrog's attack.
You shoot an arrow.
The arrow hits the bullfrog but does no damage.
The bullfrog is almost dead.
The bullfrog completely misses you. The bullfrog hits you.
You die...

.#..# .....#.# ....#
#....#.# #. ....##
##....#.######..
#....####............o..
##....##....##.........o
##.........##...~~.~~..
#.............~..~.~..~
#....########..~~.....~~
.....# #...@.._....
.).### .......~F.....~~
#.. ....#..~..~.~..~ #..
.....#...)~~.~~.. ##
#... #.#......... ..#
.....#.###.. .#
.$..#.#.# . .###.#....


You could see a bullfrog and 2 orcs.

Vanquished Creatures
  A wyvern (D:7)
  A jelly (D:4)
  An iguana (D:3)
  An orc wizard (D:3)
  Robin (D:2)
  2 gnolls (D:3)
  5 adders
  A shadow imp (D:7)
  3 dart slugs
  4 orcs (D:3)
  10 ball pythons
  7 endoplasms
  2 giant cockroaches (D:1)
  19 goblins
  6 hobgoblins
  4 jackals
  6 quokkas
  5 bats
  5 frilled lizards
  4 kobolds
  4 rats (D:1)
92 creatures vanquished.

Notes
Turn   | Place    | Note
-------+----------+-------------------------------------------
     0 | D:1      | qw the Deep Elf Hunter began the quest for the Orb.
     0 | D:1      | Reached XP level 1. HP: 12/12 MP: 3/3
     0 | D:1      | 0 ||| qw: Version: 0.3-a-155-g5e7d8dd
     0 | D:1      | 0 ||| qw: Game counter: 2195
     0 | D:1      | 0 ||| qw: Melee chars always use a shield: true
     0 | D:1      | 0 ||| qw: God list: Okawaru
     0 | D:1      | 0 ||| qw: Allow faded altars: false
     0 | D:1      | 0 ||| qw: Do Orc after clearing Dungeon:15 true
     0 | D:1      | 0 ||| qw: Do second Lair branch before Depths: true
     0 | D:1      | 0 ||| qw: Lair rune preference: random
     0 | D:1      | 0 ||| qw: Goals: Normal
     0 | D:1      | 0 ||| PLANNING D:1-11
   139 | D:1      | Reached XP level 2. HP: 16/16 MP: 4/4
   165 | D:1      | Reached skill level 6 in Ranged Weapons
   449 | D:1      | Reached XP level 3. HP: 20/20 MP: 5/5
   979 | D:1      | 979 ||| UPGRADING to amulet of reflection.
   984 | D:1      | 984 ||| DROPPING amulet of guardian spirit.
   985 | D:1      | 985 ||| UPGRADING to ring of resist corrosion.
   986 | D:1      | 986 ||| READING scroll labelled DESUECROIFI.
   986 | D:1      | 986 ||| IDENTIFYING emerald potion
   987 | D:1      | 987 ||| READING scroll labelled HIAKHL LUESUO.
   987 | D:1      | 987 ||| BRANDING +0 shortbow.
   988 | D:1      | 988 ||| READING scroll labelled WOQ NOSHRESAI.
   989 | D:1      | 989 ||| DROPPING scroll of butterflies.
   990 | D:1      | 990 ||| DROPPING potion of degeneration.
  1029 | D:2      | Reached skill level 7 in Ranged Weapons
  1180 | D:2      | Reached XP level 4. HP: 25/25 MP: 6/6
  1186 | D:2      | Noticed Robin
  1192 | D:2      | Killed Robin
  1335 | D:2      | Found a faded altar of an unknown god.
  1382 | D:2      | Found a hide-covered altar of Uskayaw.
  1664 | D:2      | Reached skill level 8 in Ranged Weapons
  1812 | D:2      | 1812 ||| UPGRADING to +2 helmet.
  1817 | D:2      | 1817 ||| READING 3 scrolls of identify.
  1817 | D:2      | 1817 ||| IDENTIFYING clear potion
  1818 | D:2      | 1818 ||| READING 2 scrolls of identify.
  1818 | D:2      | 1818 ||| IDENTIFYING 2 blue potions
  1819 | D:2      | 1819 ||| READING scroll of identify.
  1819 | D:2      | 1819 ||| IDENTIFYING scroll labelled HYOMIF ATEHYKH
  1820 | D:2      | 1820 ||| READING scroll labelled CUITEC MOCESA.
  1820 | D:2      | 1820 ||| ENCHANTING +0 heavy shortbow.
  1821 | D:2      | 1821 ||| READING scroll labelled TAJUWU FYFA.
  1922 | D:2      | 1922 ||| READING 2 scrolls labelled CEAMAKKISEDGH.
  2023 | D:2      | 2023 ||| READING scroll labelled AVT ZOIRINE.
  2023 | D:2      | 2023 ||| ENCHANTING +0 heavy shortbow.
  2024 | D:2      | 2024 ||| DROPPING scroll of immolation.
  2025 | D:2      | 2025 ||| DROPPING scroll of silence.
  2026 | D:2      | 2026 ||| DROPPING 2 potions of attraction.
  2390 | D:3      | Reached XP level 5. HP: 28/29 MP: 7/7
  2394 | D:3      | Found a white marble altar of Elyvilon.
  2752 | D:3      | 2752 ||| UPGRADING to +0 ring mail.
  2762 | D:3      | 2762 ||| DROPPING +0 leather armour.
  2763 | D:3      | 2763 ||| DROPPING scarf of shadows.
  2795 | D:4      | 2795 ||| STAIRDANCE
  2800 | D:3      | 2800 ||| DRINKING 2 potions of curing.
  2800 | D:3      | 2800 ||| (to cure confusion)
  2805 | D:4      | 2805 ||| STAIRDANCE
  2810 | D:4      | 2810 ||| STAIRDANCE
  2881 | D:4      | 2881 ||| STAIRDANCE
  2890 | D:3      | Reached skill level 9 in Ranged Weapons
  3025 | D:4      | You fall into a shaft and drop 3 floors!
  3037 | D:7      | Found a snail-covered altar of Cheibriados.
  3040 | D:7      | Reached XP level 6. HP: 35/35 MP: 8/8
  3044 | D:7      | Noticed a wyvern
  3050 | D:7      | HP: 3/35 [wyvern (8)]
  3051 | D:7      | Killed a wyvern
  3052 | D:7      | Reached skill level 10 in Ranged Weapons
  3056 | D:7      | HP: 3/35 [orc/boomerang (2)]
  3058 | D:7      | Slain by a bullfrog

Levels and vault maps discovered:
D:1:      dpeg_arrival_another_circle, layout_basic, kennysheep_another_room
D:2:      layout_loops_ring, hellmonk_ecumenical_altar_inner_sanctum,
          basic_altar, st_stairs_7, uniq_robin
D:3:      wad_woods_stonehenge, layout_loops_ring
D:4:      layout_rooms, elyvilon_altar_3, biasface_ghost_orc_armoury,
          minmay_puff
D:7:      layout_basic, mainiacjoe_overflow_small_starburst, enter_bailey_5,
          hangedman_decor_growths

Skill      XL: |  1  2  3  4  5  6 |
---------------+-------------------+-----
Ranged Weapons | 6 7 8 9 10 | 10.1
Fighting       | 2 |  2.1
Dodging        | |  2.4
Stealth        | |  1.2

Action                     |  1- 3 |  4- 6 || total
---------------------------+-------+-------++-------
   Fire: Shortbow          |   113 |   128 ||   241
    Use: Scroll            |     3 |     7 ||    10
         Potion            |       |     1 ||     1
 Armour: Leather armour    |    48 |    19 ||    67
         Ring mail         |       |    27 ||    27
  Dodge: Dodged            |    44 |    49 ||    93
  Block: Other             |     5 |    21 ||    26

Table legend:
 A = Non-vault XP
 B = Vault XP
 C = Vault XP percentage of total XP
 D = Non-vault monster count
 E = Vault monster count
 F = Vault count percentage of total count
                 A         B        C        D         E       F
            +---------+---------+-------+---------+---------+-------
      Total |     502 |      78 |  13.4 |      71 |      21 |  22.8
            +---------+---------+-------+---------+---------+-------
        D:1 |      55 |       0 |   0.0 |      32 |       0 |   0.0
        D:2 |      59 |      37 |  38.5 |      13 |      13 |  50.0
        D:3 |     115 |      41 |  26.3 |      19 |       8 |  29.6
        D:4 |      66 |       0 |   0.0 |       5 |       0 |   0.0
        D:7 |     207 |       0 |   0.0 |       2 |       0 |   0.0
            +---------+---------+-------+---------+---------+-------
